AoeStats
← $MOKECHEDDATHAA$$GETTA

Arena

508522363Analyzed
2v2 RM · 8d ago on Sep 22, 2026· 50m 54s· 4 players
Game mode
Random Map
Map size
Medium (4 player)
Population
200
Speed
Normal
Resources
Standard
Victory
Conquest
Starting age
Dark Age
Ending age
Imperial Age
RankedLock teamsTeams togetherTeam positionsShared explorationLock speedFull tech treeHidden civsTurbo modeCheats
Victory
Defeat
🇩🇪 Teutons · Germany
990
+13
🇩🇰 Turks · Denmark
902
+15
🇺🇸 Khmer · United States
934
-15
🇲🇽 Mongols · Mexico
884
-35
Jugo_De_Sandilla
12:15 Feudal Age
16:14 Castle Age
16:11 Stone Mining
17:38 Wheelbarrow
16:56 Double-Bit Axe
16:53 Horse Collar
19:48 Hand Cart
20:18 Bow Saw
24:02 Heavy Plow
24:14 Scale Barding Armor
27:19 Forging
28:44 Gold Mining
32:24 Chain Barding Armor
32:40 Iron Casting
32:39 Husbandry
36:23 Stone Shaft Mining
36:24 Gold Shaft Mining
39:26 Imperial Age
39:28 Elite Battle Elephant
40:47 Plate Barding Armor
41:15 Blast Furnace
41:12 Elite Ballista Elephant
44:34 Tusk Swords
45:00 Conscription
46:50 Double Crossbow
Manigoldo870630
11:33 Feudal Age
12:25 Horse Collar
12:34 Double-Bit Axe
19:30 Castle Age
24:42 Bow Saw
24:54 Heavy Plow
27:00 Light Cavalry
35:37 Imperial Age
35:05 Masonry
34:51 Murder Holes
35:16 Ballistics
35:08 Husbandry
35:20 Bloodlines
35:24 Scale Barding Armor
35:30 Forging
35:20 Padded Archer Armor
35:11 Fletching
35:22 Scale Mail Armor
35:33 Town Watch
36:24 Wheelbarrow
35:35 Loom
36:39 Town Patrol
37:08 Chain Barding Armor
37:52 Chemistry
36:43 Arson
36:59 Squires
36:19 Pikeman
36:54 Hussar
39:06 Iron Casting
38:47 Leather Archer Armor
38:28 Bodkin Arrow
38:46 Siege Engineers
39:51 Parthian Tactics
39:32 Thumb Ring
38:48 Crossbowman
40:05 Chain Mail Armor
39:45 Gold Mining
39:48 Stone Mining
40:58 Hand Cart
40:11 Cavalier
42:28 Arbalester
44:06 Bracer
44:37 Plate Mail Armor
44:42 Conscription
44:39 Capped Ram
45:38 Siege Ram
VinoToro
1:17 Loom
2:24 Loom
10:45 Feudal Age
18:28 Castle Age
18:10 Double-Bit Axe
19:08 Horse Collar
21:37 Town Watch
23:53 Wheelbarrow
24:29 Fletching
26:29 Gold Mining
26:44 Heavy Plow
31:51 Imperial Age
30:53 Forging
30:49 Scale Barding Armor
32:57 Bodkin Arrow
33:27 Husbandry
33:35 Padded Archer Armor
34:12 Iron Casting
33:58 Chain Barding Armor
34:16 Hand Cart
38:34 Bow Saw
38:58 Bloodlines
41:10 Artillery
41:21 Bracer
41:58 Plate Barding Armor
42:24 Blast Furnace
41:54 Heavy Camel Rider
42:40 Scale Mail Armor
42:55 Leather Archer Armor
43:04 Caravan
44:53 Two-Man Saw
43:28 Elite Janissary
$MOKECHEDDATHAA$$GETTA
7:27 Loom
11:43 Feudal Age
16:44 Castle Age
15:28 Double-Bit Axe
15:25 Horse Collar
15:39 Stone Mining
20:14 Stone Shaft Mining
19:31 Gold Mining
20:49 Heavy Plow
21:15 Bow Saw
24:39 Wheelbarrow
24:45 Bloodlines
25:58 Scale Barding Armor
26:54 Hand Cart
27:30 Forging
27:54 Masonry
31:50 Imperial Age
29:51 Chain Barding Armor
30:12 Squires
29:32 Pikeman
31:09 Iron Casting
32:23 Scale Mail Armor
33:13 Conscription
33:17 Crenellations
32:54 Cavalier
36:51 Blast Furnace
36:06 Chain Mail Armor
35:40 Elite Teutonic Knight
36:06 Paladin
38:31 Plate Barding Armor
38:24 Ironclad
38:27 Fervor
38:57 Siege Engineers
39:13 Ballistics
39:03 Fortified Wall
39:54 Chemistry
39:23 Caravan
40:29 Crop Rotation
41:02 Two-Man Saw
39:27 Halberdier
42:47 Hoardings
42:46 Plate Mail Armor
42:07 Fletching
42:17 Padded Archer Armor
41:45 Onager
43:34 Siege Onager
44:37 Arson
44:39 Capped Ram
Connection lost

Rejoining the realm…

Still unreachable

The connection could not be restored.

Session expired

The server has moved on; the page needs a fresh start.